 Dungeon Crawl Stone Soup version 0.14.0-24-gfb45beb (webtiles) character file.

254 Chiseanne the Covered (level 5, -1/38 HPs)
             Began as a Mummy Wanderer on Apr 24, 2014.
             Killed by divine providence
             ... invoked by an orc priest
              (11 damage)
             ... on Level 2 of the Dungeon.
             The game lasted 00:09:40 (11871 turns).

Chiseanne the Covered (Mummy Wanderer)             Turns: 11871, Time: 00:09:41

HP  -1/38        AC  8     Str 13      XL: 5   Next: 16%
MP   6/6         EV  5     Int 13      God:
Gold 96          SH 13     Dex 12      Spells:  0 memorised,  4 levels left

rFire  x . .     SeeInvis .     a - +2,+1 spear (slay drac)
rCold  + . .     Clarity  .     h - +0 scale mail (curse)
rNeg   + + +     Conserve .     d - +0 shield
rPois  +         rCorr    .     (no helmet)
rElec  .         rRot     +     e - +0 cloak
SustAb . .       Spirit   .     (no gloves)
rMut   .         Warding  .     (no boots)
Saprov . . .     Stasis   .     (no amulet)
MR     .....                    (no ring)
                                (no ring)

@: very slightly contaminated, not resistant to hostile enchantments, extremely
unstealthy
A: no food or potions, fire vulnerability, restore body, cold resistance 1, life
protection 3, poison resistance, torment resistance, unbreathing
a: no special abilities


You were on level 2 of the Dungeon.
You were not hungry.

You visited 1 branch of the dungeon, and saw 3 of its levels.

You collected 96 gold pieces.

Inventory:

Hand weapons
 a - a +2,+1 spear of dragon slaying (weapon)
 c - a +1,+2 spear
 i - a +0,+1 sling of evasion
Armour
 d - a +0 shield (worn)
 e - a +0 cloak (worn)
 h - a cursed +0 scale mail (worn)
Scrolls
 g - a scroll of remove curse


   Skills:
 * Level 1.9 Fighting
   Level 1.5 Maces & Flails
 * Level 1.5 Polearms
 * Level 3.2 Armour
 * Level 2.7 Dodging
   Level 1.5 Invocations


You had 4 spell levels left.
You didn't know any spells.

Dungeon Overview and Level Annotations

Branches:
Dungeon (3/15)

Altars:
Nemelex Xobeh
Yredelemnul


Innate Abilities, Weirdness & Mutations

You do not eat or drink.
Your flesh is vulnerable to fire.
Your flesh is cold resistant.
You are immune to negative energy.
Your system is resistant to poisons.
You are immune to unholy pain and torment.
You can survive without breathing.


Message History

You hit the orc.
The orc is severely wounded.
You block the orc's attack.
You hit the orc.
The orc is severely wounded.
You block the orc's attack.
You hit the orc but do no damage.
The orc is severely wounded.
You block the orc's attack.
You barely miss the orc.
The orc is severely wounded.
The orc hits you but does no damage.
You closely miss the orc.
The orc is severely wounded.
You block the orc's attack.
You hit the orc.
The orc is almost dead.
The orc priest mumbles some strange prayers to Beogh against you.
Something smites you!
You die...

..'..#####.......##........#
..##.....'.......##........#
..########.......##........#
### #.......##........# #
####'#####........# # #.#
#######.## # #.# ######..###
## #.#####o........# .#
#######...@ooo........#
.######........####.........#
.'.....<#####.## #.........#
.######## #.# #........!# .#
#.# #(.!......# ## #.#
#.........# ## #.##
#.........# .# #..#
#.........# .# ##.#
##+########


You could see an orc priest and 3 orcs.

Vanquished Creatures
  An iguana (D:1)
  A gnoll (D:1)
  4 adders
  A giant mite (D:2)
  A worm (D:2)
  A giant gecko (D:1)
  An ooze (D:1)
  4 ball pythons
  8 bats
  4 giant cockroaches
  6 goblins
  9 hobgoblins
  7 jackals
  4 kobolds
  8 giant newts
  9 rats
69 creatures vanquished.

Notes
Turn   | Place    | Note
--------------------------------------------------------------
     0 | D:1      | Chiseanne, the Mummy Wanderer, began the quest for the Orb.
     0 | D:1      | Reached XP level 1. HP: 15/15 MP: 1/1
   337 | D:1      | Reached XP level 2. HP: 21/21 MP: 2/2
   846 | D:2      | Reached skill level 2 in Armour
  2064 | D:1      | Reached XP level 3. HP: 11/26 MP: 3/3
  4160 | D:1      | Reached XP level 4. HP: 25/32 MP: 4/4
  4453 | D:1      | Noticed an ogre
  4921 | D:2      | Reached skill level 3 in Armour
  4953 | D:2      | Found a sparkling altar of Nemelex Xobeh.
  5000 | D:2      | Found a basalt altar of Yredelemnul.
  5554 | D:2      | Reached XP level 5. HP: 32/38 MP: 6/6
  9826 | D:1      | Noticed a wraith
 11871 | D:2      | Killed from afar by an orc priest

Action                   |  1- 3 |  4- 6 || total
-------------------------+-------+-------++-------
Melee: Spear             |   101 |   253 ||   354
  Use: Scroll            |     4 |     2 ||     6
